 Dungeon Crawl Stone Soup version 0.18.1-50-g88ac8fd (webtiles) character file.

25 Kirk the Firebug (level 3, -2/21 HPs)
             Began as an Octopode Fire Elementalist on Oct 3, 2016.
             Slain by a hobgoblin
             ... wielding a +0 club
              (4 damage)
             ... on level 2 of the Dungeon.
             The game lasted 00:02:51 (941 turns).

Kirk the Firebug (Octopode Fire Elementalist)        Turns: 941, Time: 00:02:51

Health: -2/21      AC:  1    Str:  7    XL:     3   Next: 4%
Magic:  0/6        EV: 12    Int: 18    God:
Gold:   44         SH:  0    Dex: 12    Spells: 1 memorised, 5 levels left

rFire  . . .     SeeInvis .     e - +1 dagger (vamp)
rCold  . . .     Gourm    .     (no shield)
rNeg   . . .     Faith    .     (helmet restricted)
rPois  .         Spirit   .     (no amulet)
rElec  .         Dismiss  .     (no ring)
rCorr  .         Reflect  .     (no ring)
SustAt .         Harm     .     (no ring)
MR     .....                    (no ring)
Stlth  +++.......               (no ring)
                                (no ring)
                                (no ring)
                                (no ring)

@: very slightly contaminated, not resistant to hostile enchantments, fairly
stealthy
A: almost no armour, amphibious, 8 rings, constrict 8, camouflage 1, gelatinous
body 1
a: no special abilities


You were on level 2 of the Dungeon.
You were not hungry.

You visited 1 branch of the dungeon, and saw 2 of its levels.

You collected 44 gold pieces.

Inventory:

Hand Weapons
 e - a +1 vampiric dagger (weapon)
Armour
 g - a +0 shield
Scrolls
 c - a scroll of fog {unknown}
 d - a scroll of identify {unknown}
Potions
 b - a potion of heal wounds {unknown}
Books
 a - a book of Flames

   Spells                             Type                      Level
   a - Flame Tongue                   Conjuration/Fire             1
   b - Throw Flame                    Conjuration/Fire             2
   c - Conjure Flame                  Conjuration/Fire             3
   d - Inner Flame                    Hexes/Fire                   3
   e - Sticky Flame                   Conjuration/Fire             4
   f - Fireball                       Conjuration/Fire             5


   Skills:
 - Level 2.0 Dodging
 - Level 2.6 Stealth
 + Level 2.2 Spellcasting
 * Level 1.3 Conjurations
 + Level 3.7 Fire Magic


You had 5 spell levels left.
You knew the following spells:

 Your Spells              Type           Power        Failure   Level  Hunger
a - Flame Tongue          Conj/Fire      ##...        8%          1    #......


Dungeon Overview and Level Annotations

Branches:
Dungeon (2/15)

Altars:


Innate Abilities, Weirdness & Mutations

You cannot wear most types of armour.
You are amphibious.
You can wear up to eight rings at the same time.
You can use your tentacles to constrict eight enemies at once.
Your skin changes colour to match your surroundings (Stealth).
Your rubbery body absorbs attacks (AC +1).


Message History

Press: ? - help, Shift-Dir - straight line, f/p - worm
Aim: a worm (heavily wounded)
The flame tongue misses the hobgoblin.
The flame tongue hits the worm.
The worm appears unharmed.
The worm is heavily wounded.
The hobgoblin hits you with a club.
Unknown command.
Casting: Flame Tongue
Confirm with . or Enter, or press ? or * to list all spells.
Aiming: Flame Tongue
Press: ? - help, Shift-Dir - straight line, f/p - worm
Aim: a worm (heavily wounded)
The flame tongue hits the hobgoblin.
The hobgoblin is almost dead.
The hobgoblin hits you with a club.
* * * LOW HITPOINT WARNING * * *
Unknown command.
Found 25 sling bullets.
The hobgoblin hits you with a club.
You die...

#.............#..
#.####...(#.#.#.# #
#........#.# ..
##....#.#...##.#
#.......##.###.###
#.....w.##........
.#...........##.######
.........g####.##.##... #
...#.###.@####.##.##.##.##
#.##....................##
#. #......####.##.##.### #
# ##....## ##.#...#.#####
.......................
##.#.(.######...#####..#
#.##.# #.>.# #..# # #.
##..+ +..# ##.# #..#


You could see a worm and a hobgoblin.

Vanquished Creatures
  A dart slug (D:1)
  2 giant geckos (D:1)
  A giant cockroach (D:1)
  A goblin (D:1)
  2 hobgoblins (D:1)
  3 jackals (D:1)
  3 bats (D:1)
  2 giant newts
  3 kobolds (D:1)
  3 rats
21 creatures vanquished.

Notes
Turn   | Place    | Note
--------------------------------------------------------------
     0 | D:1      | Kirk the Octopode Fire Elementalist began the quest for the Orb.
     0 | D:1      | Reached XP level 1. HP: 11/11 MP: 3/3
    40 | D:1      | Reached XP level 2. HP: 3/17 MP: 0/5
   794 | D:2      | Reached XP level 3. HP: 21/21 MP: 6/6
   941 | D:2      | Slain by a hobgoblin

Action                   || total
-------------------------++-------
Melee: Unarmed           ||    12
       Constrict         ||     5
       Tentacles         ||     1
       Dagger            ||     6
 Cast: Flame Tongue      ||    29
 Stab: Sleeping          ||     4
  Eat: Bread ration      ||     1
Dodge: Dodged            ||     6
